 Dungeon Crawl Stone Soup version 0.17-a0-1446-gc28613e (webtiles) character file.

24 matakusis the Conjurer (level 2, -2/15 HPs)
             Began as a Deep Elf Conjurer on June 28, 2015.
             Killed from afar by Sigmund (7 damage)
             ... with a magic dart
             ... on level 2 of the Dungeon.
             The game lasted 00:06:02 (897 turns).

matakusis the Conjurer (Deep Elf Conjurer)           Turns: 897, Time: 00:06:02

Health: -2/15      AC:  5    Str:  5    XL:     2   Next: 79%
Magic:  0/8        EV:  9    Int: 19    God:
Gold:   56         SH:  0    Dex: 15    Spells: 2 memorised, 4 levels left

rFire  . . .     SeeInvis .     (no weapon)
rCold  . . .     Clarity  .     d - +0 ring mail {rN+}
rNeg   + . .     SustAt   .     (no shield)
rPois  .         Gourm    .     (no helmet)
rElec  .         Spirit   +     (no cloak)
rCorr  .         Warding  .     (no gloves)
rMut   .         Stasis   .     (no boots)
MR     .....                    e - amulet of guardian spirit
Stlth  +.........               (no ring)
                                (no ring)

@: very slightly contaminated, not resistant to hostile enchantments, very
unstealthy
A: no striking features
a: no special abilities


You were on level 2 of the Dungeon.
You were not hungry.

You visited 1 branch of the dungeon, and saw 2 of its levels.

You collected 56 gold pieces.

Inventory:

Armour
 a - a +0 robe
 d - a +0 ring mail of positive energy (worn)
Jewellery
 e - an amulet of guardian spirit (around neck)
 j - an uncursed ring of ice {unknown}
Scrolls
 k - a scroll of fog {unknown}
 l - a scroll of enchant weapon {unknown}
Potions
 f - 3 potions of curing {unknown}
 g - a potion of might {unknown}
 h - a potion of heal wounds {unknown}
Books
 b - a book of Conjurations

   Spells                             Type                      Level
   a - Magic Dart                     Conjuration                  1
   b - Searing Ray                    Conjuration                  2
   c - Dazzling Spray                 Conjuration/Hexes            3
   d - Fulminant Prism                Conjuration/Hexes            4
   e - Iskenderun's Mystic Blast      Conjuration                  4
   f - Iskenderun's Battlesphere      Conjuration/Charms           5
Comestibles
 c - a bread ration
 i - 2 royal jellies


   Skills:
 - Level 2.4 Dodging
 - Level 2.4 Stealth
 * Level 3.1 Spellcasting
 + Level 5.3 Conjurations


You had 4 spell levels left.
You knew the following spells:

 Your Spells              Type           Power        Failure   Level  Hunger
a - Magic Dart            Conj           ###.         10%         1    None
b - Searing Ray           Conj           ###...       14%         2    ##.....


Dungeon Overview and Level Annotations

Branches:
Dungeon (2/15)

Altars:

Annotations:
D:2 Sigmund


Message History

Confirm with . or Enter, or press ? or * to list all spells.
Aiming: Searing Ray
Press: ? - help, Shift-Dir - straight line, f/p - hobgoblin
Aim: a hobgoblin (almost dead)
The searing ray hits the hobgoblin.
You kill the hobgoblin!
The jackal barks!
Sigmund gestures at you while chanting. You resist with significant effort.
Without enough magic to sustain it, your searing ray dissipates.
Sigmund casts a spell at you. The puff of flame hits you!
Sigmund points at you and mumbles some strange words.
The magic dart hits you!
Sigmund mumbles some strange words.
Sigmund flickers and vanishes!
Deactivating autopickup; reactivate with Ctrl-A.
A magic dart appears from out of thin air!
The magic dart hits you!
You die...

#.#.# #.#.# ### #.#.#
...#.#.# #.#.#.######
#..........#####
###............#
#.#####..###.# #@#
#..# #.# #.# #..# #.#
#.# #..# #.# #.# #...#
#)# #.# #.#†# #.# #{#
#.#.# #.# . #h# ##.#.#
#.# ....#####.###....#
#.#
.....h@!..##.†...###.#


You could see a jackal.

Vanquished Creatures
  3 hobgoblins
  3 ball pythons
  2 bats (D:1)
  4 giant cockroaches (D:1)
  A giant gecko (D:1)
  A giant newt (D:1)
  2 goblins
  4 kobolds (D:1)
  5 rats
25 creatures vanquished.

Notes
Turn   | Place    | Note
--------------------------------------------------------------
     0 | D:1      | matakusis the Deep Elf Conjurer began the quest for the Orb.
     0 | D:1      | Reached XP level 1. HP: 10/10 MP: 6/6
     0 | D:1      | Noticed a merfolk zombie
     0 | D:1      | Noticed a centaur zombie
     2 | D:1      | Noticed a minotaur zombie
     4 | D:1      | Noticed a minotaur zombie
     5 | D:1      | Noticed a centaur zombie
     6 | D:1      | Noticed a draconian zombie
     7 | D:1      | Noticed a minotaur zombie
    10 | D:1      | Noticed a draconian zombie
    12 | D:1      | Noticed an elf zombie
    12 | D:1      | Noticed a vine stalker zombie
    14 | D:1      | Noticed a minotaur zombie
    18 | D:1      | Noticed an octopode zombie
    18 | D:1      | Noticed a formicid zombie
   337 | D:1      | Reached XP level 2. HP: 12/15 MP: 0/8
   443 | D:1      | Learned a level 2 spell: Searing Ray
   498 | D:1      | Reached skill level 5 in Conjurations
   882 | D:2      | Noticed Sigmund
   897 | D:2      | Killed from afar by Sigmund

Vault maps used:
D:1:      shiori_arrival_whats_in_store_for_you
D:2:      uniq_sigmund

Action                   || total
-------------------------++-------
 Cast: Magic Dart        ||    29
       Searing Ray       ||     4
